 Dungeon Crawl Stone Soup version 0.18.1-48-g4cf74bf (webtiles) character file.

856 Frelus the Firebug (level 7, -4/41 HPs)
             Began as a High Elf Fire Elementalist on Aug 17, 2016.
             Slain by a phantom (7 damage)
             ... on level 5 of the Dungeon.
             The game lasted 00:16:48 (6879 turns).

Frelus the Firebug (High Elf Fire Elementalist)     Turns: 6879, Time: 00:16:49

Health: -4/41      AC:  3    Str:  7    XL:     7   Next: 70%
Magic:  3/12       EV: 12    Int: 22    God:
Gold:   62         SH:  0    Dex: 15    Spells: 3 memorised, 4 levels left

rFire  . . .     SeeInvis .     u - +0 dagger (holy)
rCold  . . .     Gourm    .     a - +0 robe
rNeg   . . .     Faith    .     (no shield)
rPois  .         Spirit   .     (no helmet)
rElec  .         Dismiss  .     (no cloak)
rCorr  .         Reflect  .     d - +0 pair of gloves
SustAt .         Harm     .     (no boots)
MR     .....                    (no amulet)
Stlth  ++........               (no ring)
                                (no ring)

@: not resistant to hostile enchantments, unstealthy
A: no striking features
a: no special abilities


You were on level 5 of the Dungeon.
You were very hungry.

You visited 1 branch of the dungeon, and saw 5 of its levels.
You also visited: Ossuary.

You collected 183 gold pieces.
You spent 121 gold pieces at shops.

Inventory:

Hand Weapons
 f - a +0 short sword
 u - a +0 dagger of holy wrath (weapon)
Armour
 a - a +0 robe (worn)
 d - a +0 pair of gloves (worn)
Jewellery
 t - an uncursed amulet of magic regeneration {unknown}
 y - a cursed ring of teleportation {unknown}
 A - an uncursed ring of poison resistance {unknown}
Wands
 x - a wand of lightning (7/15)
Scrolls
 e - 2 scrolls of recharging {unknown}
 i - a scroll of magic mapping {unknown}
 k - 2 scrolls of noise {unknown}
 l - 2 scrolls of immolation {unknown}
 o - 5 scrolls of teleportation {unknown}
 p - 3 scrolls of identify {unknown}
 r - a scroll of remove curse {unknown}
 w - a scroll of enchant armour {unknown}
 z - a scroll of fear {unknown}
 D - a scroll of amnesia {unknown}
 F - a scroll of holy word {unknown}
Potions
 g - a potion of agility {unknown}
 h - a potion of cure mutation {unknown}
 j - a potion of haste {unknown}
 m - a potion of magic {unknown}
 q - a potion of berserk rage
 s - a potion of degeneration {unknown}
 v - 3 potions of lignification
 B - a potion of invisibility {unknown}
 E - a potion of curing
 G - a potion of flight {unknown}
 H - a potion of heal wounds {unknown}
Books
 b - a book of Flames

   Spells                             Type                      Level
   a - Flame Tongue                   Conjuration/Fire             1
   b - Throw Flame                    Conjuration/Fire             2
   c - Conjure Flame                  Conjuration/Fire             3
   d - Inner Flame                    Hexes/Fire                   3
   e - Sticky Flame                   Conjuration/Fire             4
   f - Fireball                       Conjuration/Fire             5
Comestibles
 c - 7 bread rations
 n - a slice of pizza
 C - a meat ration


   Skills:
 - Level 2.1 Dodging
 - Level 2.1 Stealth
 - Level 3.1 Spellcasting
 + Level 6.5 Conjurations
 + Level 6.8 Fire Magic


You had 4 spell levels left.
You knew the following spells:

 Your Spells              Type           Power        Failure   Level  Hunger
a - Flame Tongue          Conj/Fire      ####.        1%          1    None
b - Conjure Flame         Conj/Fire      ####....     2%          3    ###....
c - Sticky Flame          Conj/Fire      ####....     12%         4    ####...


Dungeon Overview and Level Annotations

Branches:
Dungeon (5/15)
 Temple: D:4-7

Altars:
Dithmenos

Shops:
D:4 }

Annotations:
D:3 exclusion: downstairs


Message History

Drink which item? (? for menu, Esc to quit)
It was a potion of curing.
You feel better. The phantom hits you!
* * * LOW HITPOINT WARNING * * *
You hit the phantom.
The phantom convulses.
The phantom is moderately damaged.
The phantom hits you!
* * * LOW HITPOINT WARNING * * *
Casting: Sticky Flame
Confirm with . or Enter, or press ? or * to list all spells.
You don't know that spell.
Things that are here:
a flail; an orc corpse The phantom blinks!
You closely miss the phantom.
The phantom is moderately damaged.
The phantom barely misses you.
You hit the phantom.
The phantom convulses.
The phantom is moderately damaged.
The phantom hits you!
You die...

..#........##.
#............ .#
#..........# #. .# #
#..........# ##.. .#.#
#..........# #... .#.
#..........# ... .. #
##........##
#.##.###.#######........#
#........W@..)%.(........#
##...###.####............#
#...## # #.#..........# ##
##..o# #.#...........
...#....# #...#...........
#.......# ...####........#
..#.#...# .## ##(.....# $
#.#..o## ..######..######
#......# #..##.....##


You could see a phantom.

Vanquished Creatures
  A wraith (Ossuary)
  A sky beast (D:5)
  An ogre (D:4)
  A water moccasin zombie (D:5)
  A scorpion (D:5)
  2 wights (Ossuary)
  An orc wizard (D:5)
  An iguana (D:4)
  2 worker ants
  4 gnolls (D:3)
  7 adders
  A worm (D:3)
  3 dart slugs
  4 giant geckos
  15 orcs
  8 bats
  6 giant cockroaches
  12 goblins
  8 hobgoblins
  3 jackals (D:2)
  4 quokkas
  5 ball pythons
  A ball python skeleton (Ossuary)
  4 giant newts
  A hobgoblin skeleton (Ossuary)
  4 hobgoblin zombies (Ossuary)
  11 kobolds
  2 orc zombies (Ossuary)
  3 quokka skeletons
  7 rats
124 creatures vanquished.

Notes
Turn   | Place    | Note
--------------------------------------------------------------
     0 | D:1      | Frelus the High Elf Fire Elementalist began the quest for the Orb.
     0 | D:1      | Reached XP level 1. HP: 11/11 MP: 4/4
   790 | D:1      | Reached XP level 2. HP: 17/17 MP: 6/6
  1496 | D:1      | Reached XP level 3. HP: 14/21 MP: 2/7
  1963 | D:2      | Learned a level 3 spell: Conjure Flame
  2397 | D:2      | Found a shadowy altar of Dithmenos.
  2472 | D:2      | Reached XP level 4. HP: 27/27 MP: 5/8
  3617 | D:3      | Learned a level 4 spell: Sticky Flame
  3939 | D:3      | Reached XP level 5. HP: 31/31 MP: 8/10
  4517 | D:4      | Found Bireifua's Gadget Emporium.
  4520 | D:4      | Bought a wand of lightning (7/15) for 121 gold pieces
  4792 | D:4      | Reached skill level 5 in Fire Magic
  4801 | D:4      | Noticed an ogre
  5295 | D:4      | Killed an ogre
  5295 | D:4      | Reached XP level 6. HP: 36/36 MP: 0/11
  5449 | D:5      | Entered Level 5 of the Dungeon
  5476 | D:5      | Found a sand-covered staircase.
  5480 | Ossuary  | Entered an ossuary
  5740 | Ossuary  | Reached skill level 5 in Conjurations
  5933 | Ossuary  | Noticed a wraith
  5933 | Ossuary  | Noticed a flying skull
  5939 | Ossuary  | Noticed a flying skull
  5941 | Ossuary  | Noticed a flying skull
  5975 | Ossuary  | Noticed a wraith
  5988 | Ossuary  | Killed a wraith
  5988 | Ossuary  | Reached XP level 7. HP: 20/41 MP: 4/12
  6873 | D:5      | HP: 2/41 [phantom (9)]
  6879 | D:5      | Slain by a phantom

Skill      XL: |  1  2  3  4  5  6  7 |
---------------+----------------------+-----
Conjurations   | 2 3 4 5 6 |  6.5
Fire Magic     | 4 5 6 |  6.8
Spellcasting   | 3 |  3.1
Dodging        | |  2.1
Stealth        | |  2.1

Action                   |  1- 3 |  4- 6 |  7- 9 || total
-------------------------+-------+-------+-------++-------
Melee: Short sword       |   108 |    66 |       ||   174
       Unarmed           |     6 |       |       ||     6
       Dagger            |       |    38 |    27 ||    65
 Cast: Flame Tongue      |    37 |   108 |    28 ||   173
       Conjure Flame     |     1 |     9 |     4 ||    14
       Sticky Flame      |       |     3 |     4 ||     7
  Use: Potion            |       |     2 |     1 ||     3
 Stab: Sleeping          |     7 |     8 |       ||    15
       Distracted        |       |     1 |       ||     1
  Eat: Chunk             |     5 |    10 |     1 ||    16
       Meat ration       |       |     1 |       ||     1
Armor: Robe              |    35 |    20 |     6 ||    61
       Skin              |       |     9 |       ||     9
Dodge: Dodged            |   113 |    79 |    19 ||   211
